 Seeded DCSS version 0.29-a0-802-g34511f41fd (webtiles) character file.

Game seed: 10544635392506318186 (custom seed)

14156 wilfster70 the Spear-Bearer (level 12, -10/84 HPs)
             Began as a Merfolk Ice Elementalist on July 3, 2022.
             Was an Initiate of Gozag.
             Mangled by a large slime creature (30 damage)
             ... on level 11 of the Dungeon.
             The game lasted 00:37:29 (17576 turns).

wilfster70 the Spear-Bearer (MfIE)                 Turns: 17576, Time: 00:37:29

Health: -10/84     AC: 14    Str:  9    XL:     12   Next: 13%
Magic:  20/21      EV: 16    Int: 22    God:    Gozag
Gold:   512        SH:  5    Dex: 14    Spells: 8/23 levels left

rFire   . . .      SeeInvis .   a - +2 spear (vamp)
rCold   . . .      Faith    .   (no shield)
rNeg    . . .      Spirit   .   o - +2 leather armour of Entitlement {Will+ Int+3 Stlth+}
rPois   .          Reflect  +   m - +0 helmet
rElec   .          Harm     .   v - +0 cloak {Will+}
rCorr   .          Rampage  .   J - +0 pair of gloves
Will    ++...                   D - +1 pair of boots
Stlth   +++.......              f - amulet of reflection
HPRegen 0.24/turn               p - +4 ring of protection
MPRegen 0.17/turn               q - +4 ring of evasion

@: no status effects
A: (nimble swimmer 2), mertail
a: Renounce Religion, Potion Petition, Call Merchant, Bribe Branch


You were on level 11 of the Dungeon.
You worshipped Gozag.
Gozag was pleased with you.
You visited 2 branches of the dungeon, and saw 13 of its levels.
You also visited: Bailey.

You collected 2269 gold pieces.
You spent 904 gold pieces at shops.
You paid 853 gold pieces to Gozag.

Inventory:

Hand Weapons
 a - a +2 vampiric spear (weapon)
 b - a +0 trident
 d - a +0 short sword
 S - a +0 vorpal war axe
Missiles
 t - 37 poisoned darts
 L - 15 boomerangs
 M - 4 datura-tipped darts
Armour
 m - a +0 helmet (worn)
 o - the +2 leather armour of Entitlement (worn) {Will+ Int+3 Stlth+}
   (You bought it in a shop on level 3 of the Dungeon)

   Int:       It affects your intelligence (+3).
   Will:      It increases your willpower.
   Stlth:     It makes you more stealthy.
 v - a +0 cloak of willpower (worn)
 D - a +1 pair of boots (worn)
 J - a +0 pair of gloves (worn)
Jewellery
 f - an amulet of reflection (around neck)
 p - a +4 ring of protection (left hand)
 q - a +4 ring of evasion (right hand)
 u - the amulet "Ununlaus" {Faith *Corrode +Blink Str+7}
   (You found it on level 4 of the Dungeon)

   [amulet of faith]

   It allows you to gain divine favour quickly.
   Str:       It affects your strength (+7).
   +Blink:    It lets you blink.
   *Corrode:  It may corrode you when you take damage.
 Q - an amulet of guardian spirit
 R - a ring of poison resistance
Wands
 c - a wand of iceblast (9)
 s - a wand of charming (3)
 z - a wand of polymorph (10)
 G - a wand of mindburst (18)
Scrolls
 r - a scroll of identify
 w - 2 scrolls of teleportation
 x - a scroll of fear
 y - a scroll of fog
 C - a scroll of summoning {unknown}
 E - a scroll of immolation {unknown}
 F - a scroll of enchant weapon {unknown}
 H - a scroll of silence {unknown}
 I - a scroll of amnesia {unknown}
 K - a scroll of blinking
Potions
 e - 4 potions of brilliance
 g - 6 potions of flight
 h - 2 potions of cancellation
 k - 4 potions of mutation
 l - 3 potions of resistance
 n - 3 potions of ambrosia
 A - 5 potions of curing
 B - a potion of lignification
 N - a potion of haste
 O - 2 potions of magic
Miscellaneous
 U - a condenser vane


   Skills:
 - Level 4.3 Fighting
 - Level 14.0 Polearms
 - Level 2.6 Dodging
 - Level 2.1 Stealth
 - Level 6.0 Spellcasting
 - Level 6.0 Conjurations
 - Level 10.0 Transmutations
 - Level 6.0 Ice Magic
 + Level 7.3 Earth Magic


You had 8 spell levels left.
You knew the following spells:

 Your Spells              Type           Power      Damage    Failure   Level
a - Freeze                Ice            100%       1d11      1%          1
b - Frozen Ramparts       Ice            66%        1d8       3%          3
c - Ozocubu's Armour      Ice            33%        N/A       3%          3
d - Irradiate             Conj/Tmut      20%        3d20      13%         5
e - Stone Arrow           Conj/Erth      70%        3d11      2%          3

Your spell library contained the following spells:

 Spells                   Type           Power      Damage    Failure   Level
 Foxfire                  Conj/Fire      76%        2x1d7     3%          1
 Blade Hands              Tmut           25%        N/A       6%          5
 Conjure Flame            Conj/Fire      19%        6-21      11%         3
 Dazzling Flash           Conj/Hex       38%        N/A       11%         3
 Hailstorm                Conj/Ice       33%        3d8       11%         4
 Summon Small Mammal      Summ           24%        N/A       13%         1
 Call Canine Familiar     Summ           6%         N/A       36%         3
 Gell's Gravitas          Tloc           6%         N/A       36%         3
 Summon Guardian Golem    Hex/Summ       6%         N/A       36%         3
 Fulminant Prism          Conj/Hex       9%         3d7       36%         4
 Iskenderun's Mystic Bla  Conj/Tloc      19%        2d6       36%         4
 Passage of Golubria      Tloc           6%         N/A       77%         4
 Iron Shot                Conj/Erth      17%        9d4       78%         6
 Dragon Form              Tmut           25%        N/A       87%         7
 Starburst                Conj/Fire      9%         6d5       99%         6
 Dispersal                Tloc           3%         N/A       100%        6
 Disjunction              Tloc           3%         N/A       100%        8


Dungeon Overview and Level Annotations

Branches:
Dungeon (12/15)            Temple (1/1) D:7            Lair (0/6) D:8
    Orc (0/2) D:11         Bailey (visited)

Altars:
Ashenzari
Cheibriados
Dithmenos
Elyvilon
Fedhas
Gozag
Hepliaklqana
Makhleb
Qazlal
Ru
Sif Muna
Trog
Uskayaw
Vehumet
Wu Jian
Xom
Yredelemnul
Zin
The Shining One

Shops:
D:3 [[([?   D:5 !   D:10 [

Portals:
Trove: D:10 (give 8 scrolls of fear)

Annotations:
D:3 3 runed translucent doors, exclusion: statue, zkyp's ghost, amateur BaHu
D:11 1 runed translucent door, 2 transporters, Zebulonius's ghost, journeyman MiFi


Innate Abilities, Weirdness & Mutations

((You are very nimble when in or above water. (Stealth+, EV+, Speed+++)))
Your lower body shifts to a powerful aquatic tail in water.


Message History

The wall freezes the large slime creature!
The large slime creature barely misses you.
You hit the large slime creature.
You feel better.
The large slime creature is moderately wounded.
You puncture the large slime creature!
You feel better.
The large slime creature is heavily wounded.
The wall freezes the large slime creature.
You block the large slime creature's attack.
You hit the large slime creature.
You feel better.
The large slime creature is heavily wounded.
You hit the large slime creature.
The large slime creature is heavily wounded.
The wall freezes the large slime creature.
You block the large slime creature's attack.
You hit the large slime creature.
You feel better.
The large slime creature is heavily wounded.
You puncture the large slime creature!
You feel better.
The large slime creature is heavily wounded.
The wall freezes the large slime creature!
The large slime creature misses you.
You hit the large slime creature.
You feel better.
The large slime creature is severely wounded.
You completely miss the large slime creature.
The large slime creature is severely wounded.
The wall freezes the large slime creature.
The large slime creature completely misses you.
You hit the large slime creature.
The large slime creature is severely wounded.
You completely miss the large slime creature.
The large slime creature is severely wounded.
The wall freezes the large slime creature.
The large slime creature hits you!!!
* * * LOW HITPOINT WARNING * * *
You puncture the large slime creature!
You feel better.
The large slime creature is almost dead.
You hit the large slime creature.
The large slime creature is almost dead.
The frozen ramparts melt away.
The large slime creature hits you!!
You die...
Your body crumbles into a pile of gold.

##≈≈≈≈≈≈≈≈≈≈≈≈≈≈≈≈≈
###≈≈≈≈≈≈≈≈≈≈≈≈≈≈≈≈≈≈
#≈≈≈≈≈≈≈≈≈≈≈≈≈≈≈≈≈≈≈≈
##≈≈≈≈#≈≈≈≈≈≈≈≈≈≈≈≈≈≈
##≈≈≈≈≈≈≈≈≈≈≈≈≈≈≈≈≈≈≈
########≈≈≈≈≈≈≈≈≈≈≈≈≈≈≈≈≈≈≈≈
#..........>≈≈≈≈≈≈≈≈≈≈≈≈≈≈#≈
#.####....#J#≈≈≈≈≈≈≈≈≈≈≈≈≈≈≈
#.# #...[#@################
#.# #....#...........######
#.# #....#.................
#.# #....#...........######
#.# #....#...........# #.#
#....#...........#
#.####....############# ##
#.........# #. ######.####
#.


You could see a large slime creature.

Vanquished Creatures
  2 boulder beetles (D:11)
  2 two-headed ogres
  An orc knight (Bailey)
  A cyclops (D:11)
  A gargoyle (D:12)
  3 trolls
  4 slime creatures
  A hornet (D:9)
  Sigmund (D:4)
  2 wyverns
  14 yaks
  Eustachio (D:4)
  A steam dragon (D:6)
  2 wraiths
  4 vampire mosquitoes
  4 ice beasts
  7 orc warriors
  2 black bears (D:6)
  3 ogres
  3 centaurs
  2 phantoms
  Blork the orc (D:9)
  6 kobold brigands
  2 bullfrogs
  2 necrophages
  2 gnoll sergeants
  3 scorpions
  10 wights
  24 killer bees
  An electric eel (D:11)
  6 hounds
  4 jellies
  3 orc priests
  Crazy Yiuf (D:4)
  2 iguanas (D:4)
  Natasha (D:2)
  14 orc wizards
  10 gnolls
  11 adders
  2 shadow imps
  2 worms (D:2)
  2 dart slugs
  32 orcs
  11 endoplasms
  4 giant cockroaches
  9 goblins
  6 hobgoblins
  23 kobolds
  6 quokkas
  9 ball pythons
  3 bats
  2 frilled lizards
  4 rats
279 creatures vanquished.

Vanquished Creatures (others)
  3 plants (D:2)
3 creatures vanquished.

Grand Total: 282 creatures vanquished

Notes
Turn   | Place    | Note
-------+----------+-------------------------------------------
     0 | D:1      | wilfster70 the Merfolk Ice Elementalist began the quest for
                  | the Orb.
     0 | D:1      | Reached XP level 1. HP: 13/13 MP: 3/3
   169 | D:1      | Reached XP level 2. HP: 14/19 MP: 3/5
   483 | D:1      | Reached skill level 5 in Ice Magic
   729 | D:1      | Reached XP level 3. HP: 19/24 MP: 4/6
   787 | D:1      | Learned a level 3 spell: Frozen Ramparts
  1686 | D:2      | Reached XP level 4. HP: 30/30 MP: 5/8
  1788 | D:2      | Noticed Natasha
  1789 | D:2      | Found a glowing golden altar of the Shining One.
  1795 | D:2      | Killed Natasha
  1881 | D:2      | Reached XP level 5. HP: 21/35 MP: 5/9
  2376 | D:3      | Found a runed translucent gate.
  2377 | D:3      | Found a runed translucent gate.
  2377 | D:3      | Found a runed translucent gate.
  2377 | D:3      | Noticed a kobold brigand
  2377 | D:3      | Noticed zkyp's ghost (amateur BaHu)
  2415 | D:3      | Found Peerash's Antique Armour Shoppe.
  2423 | D:3      | Bought a helmet for 99 gold pieces
  2428 | D:3      | Found Ceirgh's Magic Scroll Shop.
  2435 | D:3      | Bought a scroll of noise for 14 gold pieces
  2435 | D:3      | Bought a scroll of teleportation for 42 gold pieces
  2506 | D:3      | Found a radiant altar of Vehumet.
  2506 | D:3      | Noticed a charred statue
  2543 | D:3      | Found Ynwoc's Weapon Boutique.
  2665 | D:3      | Found Utunicu's Armour Shop.
  2684 | D:3      | Found a faded altar of an unknown god.
  2735 | D:3      | Found a glowing drain.
  2955 | D:3      | Found Otiar's Armour Shoppe.
  2998 | D:3      | Identified the +4 scale mail "Lucamun" {Drain Regen+ Slay+5
                  | SInv}
  3189 | D:4      | Noticed Eustachio
  3192 | D:4      | Reached XP level 6. HP: 37/41 MP: 8/12
  3234 | D:4      | Killed Eustachio
  3235 | D:4      | Reached skill level 5 in Spellcasting
  3313 | D:4      | Identified the amulet "Ununlaus" {Faith *Corrode +Blink
                  | Str+7}
  3410 | D:4      | Identified a scroll of acquirement
  3410 | D:4      | Acquired Vaorip's Grimoire of the Aged Gods
  3526 | D:4      | Found a runed translucent door.
  3527 | D:4      | Noticed Crazy Yiuf
  3539 | D:4      | Killed Crazy Yiuf
  3708 | D:4      | Reached XP level 7. HP: 42/46 MP: 11/15
  3715 | D:4      | Reached skill level 1 in Polearms
  3721 | D:4      | Reached skill level 2 in Polearms
  3916 | D:4      | Reached skill level 3 in Polearms
  4123 | D:4      | Noticed Sigmund
  4168 | D:4      | Killed Sigmund
  4169 | D:4      | Reached skill level 5 in Polearms
  4347 | D:5      | Entered Level 5 of the Dungeon
  4569 | D:5      | Reached skill level 6 in Polearms
  4569 | D:5      | Reached XP level 8. HP: 52/52 MP: 14/17
  4628 | D:5      | Reached skill level 7 in Polearms
  4909 | D:5      | Reached skill level 8 in Polearms
  5466 | D:5      | Found Kuakuh's Distillery.
  5474 | D:5      | Bought a potion of heal wounds for 65 gold pieces
  5474 | D:5      | Bought a potion of curing for 39 gold pieces
  5474 | D:5      | Bought a potion of lignification for 39 gold pieces
  6016 | D:5      | Reached skill level 9 in Polearms
  6040 | D:6      | Reached skill level 10 in Polearms
  6302 | D:6      | Reached XP level 9. HP: 52/57 MP: 14/18
  6317 | D:6      | Reached skill level 11 in Polearms
  6572 | D:6      | Reached skill level 12 in Polearms
  7201 | D:6      | Found a hide-covered altar of Uskayaw.
  7234 | D:6      | Reached skill level 13 in Polearms
  7851 | D:6      | Learned a level 3 spell: Ozocubu's Armour
  8176 | D:6      | Reached skill level 14 in Polearms
  8210 | D:6      | Learned a level 5 spell: Irradiate
  8278 | D:7      | Reached skill level 1 in Fighting
  8408 | D:7      | Reached XP level 10. HP: 40/73 MP: 14/19
  8659 | D:7      | Reached skill level 1 in Transmutations
  8665 | D:7      | Found a staircase to the Ecumenical Temple.
  8712 | D:7      | Reached skill level 1 in Conjurations
  8787 | Temple   | Entered the Ecumenical Temple
  8795 | Temple   | Became a worshipper of Gozag Ym Sagoz the Greedy
  9748 | D:8      | Found a staircase to the Lair.
  9878 | D:8      | Found a snail-covered altar of Cheibriados.
 10375 | D:8      | Reached skill level 5 in Transmutations
 10757 | D:9      | Noticed Blork the orc
 10766 | D:9      | Noticed a two-headed ogre
 10777 | D:9      | Killed Blork the orc
 10790 | D:9      | Killed a two-headed ogre
 10856 | D:9      | Found a flagged portal.
 10875 | D:9      | Paralysed by a hornet for 1 turns
 10883 | Bailey   | Entered a bailey
 11272 | Bailey   | Reached skill level 5 in Conjurations
 11272 | Bailey   | Reached XP level 11. HP: 49/78 MP: 20/20
 11483 | Bailey   | Noticed an orc knight
 11521 | Bailey   | Killed an orc knight
 11812 | Bailey   | Found an iron altar of Okawaru.
 11868 | D:9      | Paralysed by a hornet for 3 turns
 12150 | D:9      | Found a hazy altar of Hepliaklqana.
 12152 | D:9      | Found a glowing silver altar of Zin.
 12161 | D:9      | You fall into a shaft and drop 3 floors!
 12216 | D:12     | Noticed a cyclops
 12224 | D:11     | Noticed a boulder beetle
 12573 | D:10     | Entered Level 10 of the Dungeon
 12788 | D:9      | Got the Papyrus of Battle Magic
 12885 | D:9      | Found a shadowy altar of Dithmenos.
 13299 | D:10     | Learned a level 3 spell: Stone Arrow
 13633 | D:10     | Reached skill level 10 in Transmutations
 13633 | D:10     | Reached skill level 1 in Earth Magic
 13939 | D:10     | Found a portal to a secret trove of treasure.
 14033 | D:10     | Noticed a two-headed ogre
 14101 | D:10     | Killed a two-headed ogre
 14824 | D:10     | Reached skill level 5 in Earth Magic
 15123 | D:10     | Bought a pair of runed gloves for 202 gold pieces
 15345 | D:11     | Found a runed translucent door.
 15538 | D:11     | Killed a boulder beetle
 15878 | D:11     | Noticed a boulder beetle
 16034 | D:11     | Killed a boulder beetle
 16035 | D:11     | Reached XP level 12. HP: 38/84 MP: 13/21
 16235 | D:11     | Found a transporter.
 16307 | D:11     | Found a transporter.
 16308 | D:11     | Noticed Zebulonius's ghost (journeyman MiFi)
 16309 | D:11     | Found a bloodstained altar of Trog.
 16319 | D:11     | Noticed a tengu warrior
 16360 | D:11     | Found a staircase to the Orcish Mines.
 16863 | D:3      | Bought the +2 leather armour of Entitlement {Will+ Int+3
                  | Stlth+} for 404 gold pieces
 17576 | D:11     | Mangled by a large slime creature

Illustrated notes

Levels and vault maps discovered:
D:1:      minmay_arrival_three_doors, layout_rooms
D:2:      layout_basic, basic_altar, nicolae_grassy_gnolls, uniq_natasha
D:3:      layout_basic, vehumet_statue, serial_shops, shop,
          nicolae_diamond_shop, shop, nicolae_shop_crystal, shop_fountains,
          hellmonk_ecumenical_altar_crossroads, portal_sewer_entry_b,
          gammafunk_ghost_nasty_kobolds
D:4:      layout_basic, st_stairs_13, uniq_eustachio, uniq_crazy_yiuf_cottage,
          uniq_sigmund
D:5:      layout_basic, serial_shops, shop
D:6:      layout_basic, lemuel_tele_altar
D:7:      layout_basic, minmay_temple_entry_junction_2
D:8:      layout_basic, mainiacjoe_overflow_small_starburst, lair_entry_dummy
D:9:      layout_rooms, mainiacjoe_overflow_alcove_1,
          mainiacjoe_overflow_catwalk_spiral, enter_bailey_3, sword_in_stone
D:10:     layout_basic, enter_trove_6, minmay_mirror_moons_of_madness
D:11:     dreamdust_labyrinth, layout_basic, gammafunk_ghost_wrathful_warriors
D:12:     layout_cave_pods, uniq_snorg
Temple:   nicolae_temple_x_marks_the_god

Skill      XL: |  1  2  3  4  5  6  7  8  9 10 11 12 |
---------------+-------------------------------------+-----
Ice Magic      | 5 6 |  6.0
Spellcasting   | 3 4 5 6 |  6.0
Polearms       | 6 10 14 | 14.0
Fighting       | 4 |  4.3
Transmutations | 8 10 | 10.0
Conjurations   | 5 6 |  6.0
Earth Magic    | 6 7 |  7.3
Dodging        | |  2.6
Stealth        | |  2.1

Action                   |  1- 3 |  4- 6 |  7- 9 | 10-12 || total
-------------------------+-------+-------+-------+-------++-------
Melee: Dagger            |    11 |     7 |       |       ||    18
       Spear             |       |    74 |   461 |   641 ||  1176
       Punch             |       |     2 |     4 |    10 ||    16
       Trident           |       |       |       |   235 ||   235
       Tailslap          |       |       |       |     1 ||     1
Throw: Stone             |     1 |       |       |       ||     1
       Dart              |       |       |       |    17 ||    17
 Cast: Freeze            |    50 |     5 |       |       ||    55
       Frozen Ramparts   |     1 |    13 |    38 |    57 ||   109
       Ozocubu's Armour  |       |       |     2 |    15 ||    17
Invok: Call Merchant     |       |       |       |     1 ||     1
  Use: Scroll            |     1 |     3 |     3 |     7 ||    14
       Potion            |       |       |     1 |     3 ||     4
 Stab: Sleeping          |     1 |     1 |     4 |     2 ||     8
       Distracted        |       |       |       |     2 ||     2
Armor: Robe              |     7 |    13 |    63 |   139 ||   222
       Leather armour    |       |       |       |    15 ||    15
Dodge: Dodged            |    23 |    55 |   136 |   371 ||   585
Block: Other             |    10 |    24 |    52 |   140 ||   226
       Reflection        |       |       |       |     6 ||     6

Table legend: (Time is in decaauts)
 A = Elapsed time spent in this place.
 B = Non-inter-level travel time spent in this place.
 C = Inter-level travel time spent in this place.
 D = Time resting spent in this place.
 E = Time spent auto-exploring this place.
 F = Levels seen in this place.
 G = Mean time per level.
                   A        B        C        D        E       F      G
               +--------+--------+--------+--------+--------+-----+--------+
         Total |  16997 |  16268 |    729 |   5989 |   5971 |  14 | 1214.1 |
       Dungeon |  16065 |  15336 |    729 |   5377 |   5971 |  12 | 1338.8 |
        Temple |     16 |     16 |      0 |      0 |      0 |   1 |   16.0 |
        Bailey |    915 |    915 |      0 |    612 |      0 |   1 |  915.0 |
               +--------+--------+--------+--------+--------+-----+--------+

Top non-repeatable levels by time:
    D:11: 2168 daAuts
    D:10: 2013 daAuts
     D:6: 1953 daAuts
     D:5: 1850 daAuts
     D:2: 1288 daAuts
     D:8: 1264 daAuts
     D:4: 1187 daAuts
     D:7: 1147 daAuts
     D:9: 1134 daAuts
     D:3: 1017 daAuts
     D:1: 980 daAuts
  Bailey: 915 daAuts
    D:12: 60 daAuts
  Temple: 16 daAuts
